Selects Airborne Battlegroup
Selects Heavy Machine Gun Paradrop
Heavy Machine Gun Paradrop
Heavy Machine Gun Paradrop
Selects Paratrooper Squad Paradrop
Paratrooper Squad Paradrop
Mechanized Support Center
Construct Medical Station
Paratrooper Squad Paradrop
Selects Anti-tank Gun Team Paradrop
Selects Anti-tank Gun Team Paradrop
Selects Paradrop Reinforcements
M18 Hellcat Tank Destroyer
M18 Hellcat Tank Destroyer
Designate Forward Repair Station
Construct Weapon Support Center
Selects Carpet Bombing Run
Heavy Machine Gun Paradrop
Paratrooper Squad Paradrop
Improved M9 Bazooka Rockets
Heavy Machine Gun Paradrop
M18 Hellcat Tank Destroyer
M18 Hellcat Tank Destroyer
Heavy Machine Gun Paradrop
Paratrooper Squad Paradrop
M18 Hellcat Tank Destroyer